 Dungeon Crawl Stone Soup version 0.21.1-1-g345015f (webtiles) character file.

140 Fang the Scratcher (level 5, -12/24 HPs)
             Began as a Felid Fighter on Apr 11, 2018.
             Mangled by an iguana (14 damage)
             ... on level 4 of the Dungeon.
             The game lasted 00:02:44 (2215 turns).

Fang the Scratcher (Felid Fighter)                  Turns: 2215, Time: 00:02:45

Health: -12/24     AC:  1    Str: 13    XL:     5   Next: 2%
Magic:  6/6        EV: 20    Int:  9    God:
Gold:   109        SH:  0    Dex: 16    Spells: 4/4 levels left
                                        Lives:  0   Deaths: 1

rFire    . . .     SeeInvis +     - Unarmed
rCold    . . .     Gourm    .   (shield unavailable)
rNeg     . . .     Faith    .   (armour unavailable)
rPois    .         Spirit   .   (helmet unavailable)
rElec    .         Reflect  .   (cloak unavailable)
rCorr    .         Harm     .   (gloves unavailable)
MR       .....                  (boots unavailable)
Stlth    +++.......             (no amulet)
HPRegen  0.08/turn              (no ring)
MPRegen  0.10/turn              (no ring)

@: quick
A: very small, no armour, no weapons or thrown items, stealth, claws 1, fangs 3,
see invisible, carnivore, speed 1, shaggy fur 1, slow metabolism 1, sharp paws
a: no special abilities


You were on level 4 of the Dungeon.
You were not hungry.

You visited 1 branch of the dungeon, and saw 4 of its levels.

You collected 109 gold pieces.

Inventory:

Scrolls
 c - 2 scrolls of blinking {unknown}
 d - 5 scrolls of identify {unknown}
 e - a scroll of teleportation {unknown}
 h - 2 scrolls of amnesia {unknown}
Potions
 a - 2 potions of might
 f - a potion of haste {unknown}
 g - 2 potions of heal wounds {unknown}
 j - a potion of curing {unknown}
Books
 i - a book of Misfortune

   Spells                             Type                      Level
   a - Confusing Touch                Hexes                        1
   b - Confuse                        Hexes                        3
   c - Gell's Gravitas                Translocation                3
   d - Petrify                        Transmutation/Earth          4
   e - Metabolic Englaciation         Hexes/Ice                    5
   f - Yara's Violent Unravelling     Hexes/Transmutation          5
Comestibles
 b - 7 rations


   Skills:
 + Level 3.3 Fighting
 + Level 4.9 Dodging
 + Level 2.8 Stealth
 + Level 5.9 Unarmed Combat


You had 4 spell levels left.
You didn't know any spells.

Dungeon Overview and Level Annotations

Branches:
Dungeon (4/15)
 Temple: D:4-7

Altars:
Ru


Innate Abilities, Weirdness & Mutations

You cannot wear armour.
You are incapable of wielding weapons or throwing items.
Your paws allow you to move quietly. (Stealth)
You have sharp claws.
You have razor-sharp teeth.
You have supernaturally acute eyesight. (SInv)
You are carnivorous and can eat meat at any time.
You cover ground quickly.
You are covered in fur. (AC +1)
You have a slow metabolism.
Your sharp claws are effective at attacking unaware monsters.


Message History

You are too injured to fight recklessly!
You are too injured to fight recklessly!
You are too injured to fight recklessly!
You are too injured to fight recklessly!
You are too injured to fight recklessly!
You are too injured to fight recklessly!
You are too injured to fight recklessly!
You are too injured to fight recklessly!
You are too injured to fight recklessly!
Unknown command.
The jackal misses you. The iguana bites you.
* * * LOW HITPOINT WARNING * * *
Found 13 gold pieces.
You scratch the iguana. You bite the iguana, but do no damage.
The iguana is lightly wounded.
The jackal bites you.
* * * LOW HITPOINT WARNING * * *
The jackal misses you. The iguana bites you!
Ouch! That really hurt!
You die...

##### ###
#########...# ...###
#......<....# .....$
#.#######...####...###
##.###.......$
#.##.@l...#..
#....hh.....(
#...#...........
..................
###...#...........
#####........#.?
#.#..!...# .
#.##...#.# #.###.##.#


You could see an iguana and 2 jackals.

Vanquished Creatures
  A bullfrog skeleton (D:3)
  5 adders
  5 gnolls
  An ooze (D:2)
  3 worms
  A dart slug (D:3)
  5 leopard geckos
  An orc (D:3)
  2 ball pythons
  4 giant cockroaches
  9 goblins
  7 hobgoblins
  2 jackals (D:4)
  5 kobolds
  2 quokkas (D:3)
  8 bats
  3 frilled lizards
  6 rats
70 creatures vanquished.

Notes
Turn   | Place    | Note
-------+----------+-------------------------------------------
     0 | D:1      | Fang the Felid Fighter began the quest for the Orb.
     0 | D:1      | Reached XP level 1. HP: 10/10 MP: 2/2
    80 | D:1      | Reached XP level 2. HP: 9/14 MP: 3/3
   213 | D:1      | Reached XP level 3. HP: 12/17 MP: 4/4
   563 | D:1      | Reached skill level 1 in Stealth
  1174 | D:2      | Reached skill level 5 in Unarmed Combat
  1205 | D:2      | Reached XP level 4. HP: 21/21 MP: 5/5
  1580 | D:3      | Found a sacrificial altar of Ru.
  1661 | D:3      | Reached XP level 5. HP: 11/24 MP: 6/6
  1669 | D:3      | Slain by a gnoll
  1670 | D:3      | Reached XP level 4. HP: -5/21 MP: 5/5
  2165 | D:3      | Reached XP level 5. HP: 21/24 MP: 6/6
  2215 | D:4      | Mangled by an iguana

Skill      XL: |  1  2  3  4 |
---------------+-------------+-----
Stealth        | 1 2 |  2.8
Unarmed Combat | 5 |  5.9
Fighting       | |  3.3
Dodging        | |  4.9

Action                   |  1- 3 |  4- 6 || total
-------------------------+-------+-------++-------
Melee: Unarmed           |    75 |   103 ||   178
       Bite              |     9 |    10 ||    19
       Punch             |       |     1 ||     1
 Stab: Sleeping          |     6 |     7 ||    13
Armor: Skin              |     1 |     7 ||     8
Dodge: Dodged            |    47 |   106 ||   153
